 Dungeon Crawl Stone Soup version 0.26.1-11-gd32895ea62 (webtiles) character file.

Game seed: 7766293528932813025

404 RepoMan the Covert (level 6, -15/32 HPs)
             Began as a Spriggan Brigand on July 22, 2021.
             Killed from afar by an electric eel (17 damage)
             ... with a bolt of electricity
             ... on level 6 of the Dungeon.
             The game lasted 00:20:03 (2572 turns).

RepoMan the Covert (Spriggan Brigand)               Turns: 2572, Time: 00:20:04

Health: -15/32     AC:  3    Str:  7    XL:     6   Next: 56%
Magic:  7/7        EV: 20    Int: 13    God:
Gold:   258        SH:  0    Dex: 19    Spells: 5/5 levels left

rFire    . . .     SeeInvis +   a - +2 dagger
rCold    . . .     Faith    .   (shield restricted)
rNeg     . . .     Spirit   .   b - +0 robe
rPois    .         Reflect  .   (helmet restricted)
rElec    .         Harm     .   c - +0 cloak
rCorr    +         Rampage  .   (gloves unavailable)
Will     +....                  (boots unavailable)
Stlth    ++++......             (no amulet)
HPRegen  0.10/turn              s - ring of resist corrosion
MPRegen  0.10/turn              (no ring)

@: very quick
A: very small, unfitting armour, see invisible, speed 3
a: no special abilities


You were on level 6 of the Dungeon.
You visited 2 branches of the dungeon, and saw 7 of its levels.

You collected 258 gold pieces.

Inventory:

Hand Weapons
 a - a +2 dagger (weapon)
Missiles
 d - 5 poisoned darts
 e - a curare-tipped dart (quivered)
Armour
 b - a +0 robe (worn)
 c - a +0 cloak (worn)
Jewellery
 s - a ring of resist corrosion (left hand)
Wands
 r - a wand of digging (4)
Scrolls
 f - 5 scrolls of identify {unknown}
 g - 3 scrolls of immolation {unknown}
 h - 3 scrolls of amnesia {unknown}
 i - 2 scrolls of magic mapping {unknown}
 k - a scroll of remove curse {unknown}
 l - a scroll of random uselessness {unknown}
 m - 2 scrolls of teleportation {unknown}
 n - a scroll of fear {unknown}
 p - a scroll of enchant weapon {unknown}
Potions
 j - 2 potions of attraction {unknown}
 o - a potion of heal wounds {unknown}
 q - a potion of degeneration {unknown}


   Skills:
 + Level 2.9 Fighting
 + Level 3.9 Short Blades
 - Level 2.0 Throwing
 + Level 4.5 Dodging
 * Level 8.9 Stealth


You had 5 spell levels left.
You didn't know any spells.
Your spell library was empty.

Dungeon Overview and Level Annotations

Branches:
Dungeon (6/15)             Temple (1/1) D:4

Altars:
Ashenzari
Dithmenos
Fedhas
Gozag
Hepliaklqana
Qazlal
Sif Muna
Uskayaw
Vehumet
Wu Jian
Yredelemnul
Zin

Annotations:
D:3 Grinder
D:5 Menkaure


Innate Abilities, Weirdness & Mutations

You are very small and have problems with some larger weapons.
You are too small for most types of armour.
You have supernaturally acute eyesight. (SInv)
You cover ground extremely quickly.


Message History

The bolt of electricity misses you.
The bolt of electricity hits the electric eel.
The electric eel completely resists.
Okay, then.
Unknown command.
Unknown command.
Throw: 2 darts (curare)
Press: ? - help, Q - select action, (/) - cycle Shift-Dir - straight line, f - electric eel
Aim: an electric eel (lightly wounded, 46% to hit)
You throw a curare-tipped dart.
The curare-tipped dart hits the electric eel.
The electric eel is poisoned.
The electric eel convulses.
The electric eel seems to slow down.
The electric eel is heavily wounded.
You barely miss the electric eel.
The electric eel is heavily wounded.
The electric eel shoots out a bolt of lightning at you!
The bolt of electricity hits you!
Ouch! That really hurt!
You die...

###..##.... P≈..#.........##.
.##..# ≈ ≈≈P... ..........
.#...##..≈≈≈ ♣P... ...........
....##.(.P≈≈♣ ♣≈P.##..........#
.##.##...P≈≈♣♣♣♣♣≈≈..............
..........P≈♣P≈♣≈≈≈ ..# .........
..........P≈P≈P≈P;##.## ....P≈≈.≈
............P.PP......# ...P≈≈P≈≈
.............≈P.@....## ..P≈♣≈≈≈≈
#...............##....#....≈≈♣≈≈≈
#................##.......P≈≈P≈≈;
...........................
...>.................##..#.
...............#.....# ##
.....................##
..#...................#
..##...............(.....


You could see an electric eel (very poisoned, slow).

Vanquished Creatures
  Edmund (D:5)
  A bullfrog (D:6)
  2 hounds
  An orc wizard (D:3)
  Jessica (D:3)
  A worker ant (D:6)
  3 adders
  An adder zombie (D:3)
  An adder skeleton (D:4)
  A dart slug (D:2)
  2 leopard geckos
  9 orcs (D:3)
  A ball python (D:5)
  3 bats
  3 goblins (D:1)
  4 hobgoblins
  3 jackals (D:1)
  A quokka (D:4)
  11 frilled lizards
  A kobold (D:1)
  A quokka skeleton (D:4)
  3 rats (D:1)
  A toadstool (D:4)
56 creatures vanquished.

Vanquished Creatures (others)
  2 fungi (D:4)
  7 plants (D:3)
  2 toadstools (D:4)
11 creatures vanquished.

Grand Total: 67 creatures vanquished

Notes
Turn   | Place    | Note
-------+----------+-------------------------------------------
     0 | D:1      | RepoMan the Spriggan Brigand began the quest for the Orb.
     0 | D:1      | Reached XP level 1. HP: 10/10 MP: 2/2
   363 | D:1      | Reached skill level 6 in Stealth
   508 | D:1      | Reached XP level 2. HP: 15/15 MP: 3/3
   721 | D:3      | Noticed Jessica
   722 | D:3      | Killed Jessica
   723 | D:3      | Reached XP level 3. HP: 18/18 MP: 4/4
   812 | D:3      | Reached skill level 7 in Stealth
   812 | D:3      | Reached XP level 4. HP: 5/23 MP: 5/5
  1267 | D:4      | Reached XP level 5. HP: 26/27 MP: 6/6
  1291 | D:4      | Noticed a phantom
  1374 | D:5      | Entered Level 5 of the Dungeon
  1376 | D:5      | Noticed Menkaure
  1376 | D:5      | Noticed Edmund
  1392 | D:3      | Noticed Grinder
  1968 | D:4      | Found a staircase to the Ecumenical Temple.
  1977 | Temple   | Entered the Ecumenical Temple
  2044 | D:5      | Killed Edmund
  2045 | D:5      | Reached skill level 8 in Stealth
  2045 | D:5      | Reached XP level 6. HP: 16/32 MP: 7/7
  2569 | D:6      | HP: 1/32 [electric eel/bolt of electricity (9)]
  2572 | D:6      | Killed from afar by an electric eel

Illustrated notes

Levels and vault maps discovered:
D:1:      lightli_molten_gateway, layout_basic, minivault_25
D:2:      layout_loops_ring
D:3:      layout_basic, minmay_misc_feat_room, minivault_24, minmay_lizard_king,
          uniq_grinder, uniq_crazy_yiuf_cottage, uniq_jessica
D:4:      layout_cave_pools, temple_statues, minmay_gold_behind_fungi,
          hangedman_abyss_or_decor_lesser_grid
D:5:      layout_basic, uniq_menkaure, uniq_edmund
D:6:      layout_cave_pools, serial_bayou, serial_bayou_pond_c,
          serial_bayou_shore_b, serial_bayou_pond_b, serial_bayou_shore_b,
          serial_bayou_shore_a, serial_bayou_pond_a
Temple:   nicolae_temple_x_marks_the_god

Skill      XL: |  1  2  3  4  5 |
---------------+----------------+-----
Stealth        | 6 7 8 |  8.9
Dodging        | 2 3 4 |  4.5
Fighting       | 2 |  2.9
Short Blades   | 3 |  3.9
Throwing       | |  2.0

Action                   |  1- 3 |  4- 6 || total
-------------------------+-------+-------++-------
Melee: Dagger            |    43 |   118 ||   161
Throw: Dart              |    19 |    28 ||    47
 Stab: Sleeping          |     6 |     6 ||    12
Armor: Robe              |     2 |     5 ||     7
Dodge: Dodged            |    28 |    69 ||    97
